AoeStats
← skeezerrr

Arena

508965843Analyzed
3v3 RM · 9d ago on Sep 24, 2026· 55m 2s· 6 players
Game mode
Random Map
Map size
Normal (6 player)
Population
200
Speed
Normal
Resources
Standard
Victory
Conquest
Starting age
Dark Age
Ending age
Imperial Age
RankedLock teamsTeams togetherTeam positionsShared explorationLock speedFull tech treeHidden civsTurbo modeCheats
Victory
Defeat
🇺🇸 Teutons · United States
1211
+17
🇵🇹 Varangians · Portugal
1179
+19
🇮🇳 Koreans · India
1147
+20
1285
-21
🇬🇧 Bohemians · United Kingdom
1227
-18
🇬🇧 Vietnamese · United Kingdom
1192
-17
darkdavixi
8:56 Feudal Age
13:46 Castle Age
12:34 Double-Bit Axe
14:20 Loom
19:59 Scale Barding Armor
29:27 Forging
33:51 Bow Saw
37:37 Elite Skirmisher
38:10 Fletching
39:03 Bodkin Arrow
39:38 Padded Archer Armor
42:12 Leather Archer Armor
53:55 Imperial Age
53:35 Scale Mail Armor
54:11 Iron Casting
54:17 Ballistics
54:56 Bracer
55:27 Ring Archer Armor
55:14 Chain Mail Armor
Tattletale Strangler
8:47 Feudal Age
8:47 Loom
10:09 Fletching
14:21 Double-Bit Axe
17:59 Town Watch
24:16 Castle Age
26:31 Bow Saw
26:33 Bodkin Arrow
28:41 Horse Collar
29:52 Wheelbarrow
29:40 Gold Mining
32:04 Hand Cart
37:24 Imperial Age
37:41 Imperial Age
35:25 Scale Mail Armor
35:31 Heavy Plow
37:08 Masonry
37:44 Scale Barding Armor
38:14 Forging
38:47 Chain Barding Armor
38:40 Bloodlines
37:50 Cavalier
39:41 Crop Rotation
40:00 Iron Casting
39:10 Capped Ram
41:34 Plate Barding Armor
41:26 Paladin
43:21 Blast Furnace
42:49 Ballistics
43:30 Chemistry
43:36 Conscription
44:28 Town Patrol
48:26 Ironclad
49:18 Squires
49:04 Gambesons
51:31 Arrowslits
53:16 Siege Engineers
54:39 Crenellations
vibhuyasha
0:36 Loom
12:34 Feudal Age
13:11 Horse Collar
18:27 Castle Age
17:48 Wheelbarrow
17:19 Fletching
18:17 Double-Bit Axe
18:32 Stone Mining
20:13 Bodkin Arrow
20:36 Bow Saw
30:50 Hand Cart
34:50 Imperial Age
37:51 Chemistry
37:36 Conscription
38:02 Bracer
40:59 Elite War Wagon
46:41 Scale Barding Armor
46:47 Forging
55:24 Husbandry
Husain Bolt
10:57 Feudal Age
9:21 Loom
11:12 Feudal Age
14:28 Fletching
19:46 Double-Bit Axe
22:24 Horse Collar
26:38 Castle Age
27:33 Wheelbarrow
27:49 Bodkin Arrow
28:35 Bow Saw
29:04 Heavy Plow
37:49 Imperial Age
35:55 Fervor
38:23 Chemistry
38:28 Masonry
39:58 Two-Man Saw
39:56 Conscription
42:20 Bracer
41:45 Pikeman
42:38 Halberdier
44:21 Fortified Wall
45:01 Scale Mail Armor
45:12 Forging
45:50 Hand Cart
skeezerrr
5:27 Loom
10:09 Feudal Age
10:39 Double-Bit Axe
11:32 Wheelbarrow
17:22 Castle Age
15:43 Stone Mining
18:15 Bow Saw
18:47 Fletching
19:43 Bodkin Arrow
24:02 Elite Skirmisher
29:13 Horse Collar
29:40 Padded Archer Armor
35:02 Imperial Age
36:09 Ballistics
39:26 Bracer
41:48 Imperial Skirmisher
41:56 Pikeman
43:03 Thumb Ring
45:09 Leather Archer Armor
45:10 Squires
47:09 Halberdier
49:06 Two-Man Saw
49:01 Forging
KiFQiT - Joseph Vissarionovitch
10:43 Feudal Age
11:45 Feudal Age
15:36 Castle Age
15:12 Horse Collar
26:30 Loom
34:23 Imperial Age
33:02 Heavy Plow
32:54 Gold Mining
37:22 Conscription
37:31 Elite Arambai
40:30 Padded Archer Armor
40:35 Husbandry
40:45 Bloodlines
49:52 Elite Battle Elephant
Connection lost

Rejoining the realm…

Still unreachable

The connection could not be restored.

Session expired

The server has moved on; the page needs a fresh start.